 Dungeon Crawl Stone Soup version 0.27-a0-1230-gfc7c993222 (webtiles) character file.

Game seed: 12315461601501554582

16 DeathSun the Chopper (level 2, 0/26 HPs)
             Began as a Hill Orc Abyssal Knight on June 8, 2021.
             Was a Follower of Lugonu.
             Slain by a quokka (4 damage)
             ... on level 1 of the Dungeon.
             The game lasted 00:01:11 (360 turns).

DeathSun the Chopper (Hill Orc Abyssal Knight)       Turns: 360, Time: 00:01:11

Health: 0/26       AC:  3    Str: 14    XL:     2   Next: 54%
Magic:  3/3        EV: 11    Int: 12    God:    Lugonu [*.....]
Gold:   53         SH:  0    Dex: 10    Spells: 1/1 levels left

rFire    . . .     SeeInvis .   a - +1 hand axe
rCold    . . .     Faith    .   (no shield)
rNeg     . . .     Spirit   .   b - +0 leather armour
rPois    .         Reflect  .   (no helmet)
rElec    .         Harm     .   (no cloak)
rCorr    .         Rampage  .   (no gloves)
Will     .....                  (no boots)
Stlth    +.........             (no amulet)
HPRegen  0.08/turn              (no ring)
MPRegen  0.08/turn              (no ring)

@: no status effects
A: no striking features
a: Renounce Religion, Depart the Abyss


You were on level 1 of the Dungeon.
You worshipped Lugonu.
Lugonu was aware of your devotion.
You visited 1 branch of the dungeon, and saw 1 of its levels.
You visited the Abyss 1 time.

You collected 53 gold pieces.

Inventory:

Hand Weapons
 a - a +1 hand axe (weapon)
Armour
 b - a +0 leather armour (worn)
Scrolls
 d - a scroll of identify {unknown}
 e - a scroll of torment {unknown}
Potions
 c - 2 potions of curing {unknown}


   Skills:
 - Level 3.6 Fighting
 * Level 4.1 Axes
 - Level 2.1 Armour
 - Level 0.7 Dodging
 - Level 2.4 Invocations


You had one spell level left.
You didn't know any spells.
Your spell library was empty.

Dungeon Overview and Level Annotations

Branches:
Dungeon (1/15)

Altars:


Message History

The hobgoblin is heavily wounded.
You hit the quokka.
The quokka bites you but does no damage.
The quokka bites you.
The hobgoblin hits you but does no damage.
You barely miss the quokka.
The quokka is heavily wounded.
You closely miss the hobgoblin. The quokka misses you. The hobgoblin hits you.
You barely miss the quokka.
The quokka is heavily wounded.
You hit the hobgoblin.
You kill the hobgoblin!
Lugonu accepts your kill. The quokka bites you. x2
You are too injured to fight recklessly!
You are too injured to fight recklessly!
You are too injured to fight recklessly!
You are too injured to fight recklessly!
You are too injured to fight recklessly!
You are too injured to fight recklessly!
You are too injured to fight recklessly!
You are too injured to fight recklessly!
You miss the quokka.
The quokka is heavily wounded.
The quokka bites you.
You hit the quokka.
You kill the quokka!
Lugonu accepts your kill.
A quokka comes into view.
You see here a quokka corpse.
You see here a hobgoblin corpse.
The quokka bites you.
You barely miss the quokka. The quokka bites you.
* * * LOW HITPOINT WARNING * * *
You closely miss the quokka. The quokka bites you.
* * * LOW HITPOINT WARNING * * *
You hit the quokka.
The quokka is lightly wounded.
The quokka bites you.
You die...

####### .# # .. # #.
# #. # #. # #. #
#.########### #
#.†.r@......# #
#.#.###.#######.#
#.......# #.#
######## ###.###.#
#.###....... #.###.#
#........... #.....#
#.###...#### #####.#
#.###......#
#.#######.......##.#
#.........###.####.#


You could see a quokka.

Vanquished Creatures
  2 endoplasms (D:1)
  A giant cockroach (D:1)
  A hobgoblin (D:1)
  3 jackals (D:1)
  2 quokkas (D:1)
  A frilled lizard (D:1)
  2 goblins (D:1)
  A kobold (D:1)
13 creatures vanquished.

Notes
Turn   | Place    | Note
-------+----------+-------------------------------------------
     0 | Abyss:1  | DeathSun the Hill Orc Abyssal Knight began the quest for
                  | the Orb.
     0 | Abyss:1  | Reached XP level 1. HP: 19/19 MP: 2/2
     0 | D:1      | Escaped the Abyss
    46 | D:1      | Reached skill level 3 in Axes
   145 | D:1      | Reached * piety under Lugonu
   203 | D:1      | Reached XP level 2. HP: 26/26 MP: 3/3
   239 | D:1      | Found a faded altar of an unknown god.
   258 | D:1      | Reached skill level 4 in Axes
   360 | D:1      | Slain by a quokka

Illustrated notes

Levels and vault maps discovered:
D:1:      dpeg_arrival_refuge, layout_loops_ring, serial_shops, shop_statue,
          chequers_ecumenical_altar_simple_redux, minmay_misc_feat_hallway

Skill      XL: |  1  2 |
---------------+-------+-----
Axes           | 3 4 |  4.1
Fighting       | |  3.6
Armour         | |  2.1
Dodging        | |  0.7
Invocations    | |  2.4

Action                   || total
-------------------------++-------
Melee: Hand axe          ||    41
Invok: Depart the Abyss  ||     1
Armor: Leather armour    ||    12
Dodge: Dodged            ||    23

Table legend: (Time is in decaauts)
 A = Elapsed time spent in this place.
 B = Non-inter-level travel time spent in this place.
 C = Inter-level travel time spent in this place.
 D = Time resting spent in this place.
 E = Time spent auto-exploring this place.
 F = Levels seen in this place.
 G = Mean time per level.
                   A        B        C        D        E       F      G
               +--------+--------+--------+--------+--------+-----+--------+
         Total |    364 |    364 |      0 |      0 |    282 |   2 |  182.0 |
       Dungeon |    364 |    364 |      0 |      0 |    282 |   1 |  364.0 |
         Abyss |      0 |      0 |      0 |      0 |      0 |   1 |    0.0 |
               +--------+--------+--------+--------+--------+-----+--------+

Top non-repeatable levels by time:
     D:1: 364 daAuts
